 Dungeon Crawl Stone Soup version 0.28-a0-105-g49a0850c41 (webtiles) character file.

Game seed: 8624216998673888228

140 Gilette the Chopper (level 5, -1/41 HPs)
             Began as a Demonspawn Monk on Aug 11, 2021.
             Was a Believer of Nemelex Xobeh.
             Slain by Natasha the harpy (4 damage)
             ... on level 4 of the Dungeon.
             The game lasted 00:06:57 (3548 turns).

Gilette the Chopper (Demonspawn Monk)               Turns: 3548, Time: 00:06:57

Health: -1/41      AC:  5    Str: 12    XL:     5   Next: 2%
Magic:  5/5        EV: 12    Int: 12    God:    Nemelex Xobeh [**....]
Gold:   152        SH:  0    Dex: 15    Spells: 4/4 levels left

rFire   . . .      SeeInvis .   a - +0 hand axe
rCold   . . .      Faith    .   (no shield)
rNeg    . . .      Spirit   .   b - +0 robe
rPois   .          Reflect  .   (no helmet)
rElec   .          Harm     .   m - +0 cloak
rCorr   .          Rampage  .   (no gloves)
Will    .....                   (no boots)
Stlth   ++........              (no amulet)
HPRegen 0.13/turn               (no ring)
MPRegen 0.09/turn               (no ring)

@: slowed, very slow
A: claws 1, yellow scales 1
a: Renounce Religion, Draw Escape, Draw Destruction, Draw Summoning


You were on level 4 of the Dungeon.
You worshipped Nemelex Xobeh.
Nemelex Xobeh was pleased with you.
You visited 1 branch of the dungeon, and saw 4 of its levels.

You collected 152 gold pieces.

Inventory:

Hand Weapons
 a - a +0 hand axe (weapon)
Armour
 b - a +0 robe (worn)
 m - a +0 cloak (worn)
Jewellery
 l - a ring of poison resistance
Scrolls
 c - a scroll of torment {unknown}
 f - a scroll of blinking {unknown}
 i - a scroll of fog {unknown}
 j - a scroll of teleportation {unknown}
Potions
 d - 5 potions of curing
 e - a potion of resistance {unknown}
 g - a potion of might {unknown}
 h - a potion of lignification {unknown}
 k - a potion of flight {unknown}
 n - a potion of heal wounds {unknown}


   Skills:
 - Level 3.0 Fighting
 + Level 5.2 Axes
 - Level 2.6 Dodging
 - Level 1.7 Stealth


You had 4 spell levels left.
You didn't know any spells.
Your spell library contained the following spells:

 Spells                   Type           Power      Damage    Failure   Level
 Magic Dart               Conj           0%         1d3       32%         1
 Searing Ray              Conj           0%         3d3       45%         2
 Fulminant Prism          Conj/Hex       0%         3d6       97%         4


Dungeon Overview and Level Annotations

Branches:
Dungeon (4/15)
 Temple: D:4-7

Altars:
Nemelex Xobeh

Shops:
D:2 :*

Annotations:
D:3 exclusion: downstairs
D:4 Edmund, Natasha


Innate Abilities, Weirdness & Mutations

You have sharp fingernails.
You are partially covered in yellow scales. (AC +2)


Message History

The hobgoblin twists and deforms.
The crimson imp evaporates and reforms as a neqoxec!
The neqoxec twists and deforms.
The jackal evaporates and reforms as a rat!
The rat twists and deforms.
The white imp evaporates and reforms as a crimson imp!
The crimson imp twists and deforms.
Natasha barely misses you. Natasha claws you.
Natasha claws you but does no damage. The hobgoblin hits you.
Okay, then.
Okay, then.
The crimson imp disappears in a puff of smoke!
Natasha misses you. Natasha claws you but does no damage. Natasha claws you.
You draw a card...
You have drawn Degeneration.
Natasha the polar bear evaporates and reforms as a harpy!
Natasha twists and deforms.
The hobgoblin evaporates and reforms as a kobold!
The kobold twists and deforms.
The rat evaporates and reforms as a goblin!
The goblin twists and deforms.
The neqoxec evaporates and reforms as an efreet!
The efreet twists and deforms.
Natasha claws you! Natasha barely misses you. Natasha claws you.
* * * LOW HITPOINT WARNING * * *
Natasha claws you!
* * * LOW HITPOINT WARNING * * *
Okay, then.
Press: ? - help, v - describe, . - travel, g - get item
Here: Natasha the harpy (lightly wounded, misshapen and mutated) Item here: a +0 club.
The floor.
It was a potion of curing.
You feel better.
Natasha screeches!
Natasha claws you!
* * * LOW HITPOINT WARNING * * *
Natasha claws you.
* * * LOW HITPOINT WARNING * * *
Natasha claws you.
You die...
Your body glows slightly and disappears.

#........######
#..###.#.###
#.....###..
#..###.#.### #
##.# #.# #.#
#.# #@# #H#
#Kg# #R.# #..#
#..# .... #..#
#..#


You could see Natasha the harpy (misshapen), an efreet (summoned, misshapen), a
goblin (misshapen) and a kobold (misshapen).

Vanquished Creatures
  Natasha (D:4)
  2 adders (D:2)
  An ufetubus (D:3)
  A worm (D:3)
  2 dart slugs
  3 orcs (D:4)
  9 ball pythons
  3 endoplasms
  4 giant cockroaches
  7 goblins
  9 hobgoblins
  8 jackals
  4 quokkas
  5 bats
  9 frilled lizards
  4 kobolds
  5 rats
77 creatures vanquished.

Notes
Turn   | Place    | Note
-------+----------+-------------------------------------------
     0 | D:1      | Gilette the Demonspawn Monk began the quest for the Orb.
     0 | D:1      | Reached XP level 1. HP: 18/18 MP: 1/1
   249 | D:1      | Reached skill level 3 in Axes
   281 | D:1      | Gained mutation: You are partially covered in yellow
                  | scales. (AC +2) [demonic ancestry]
   281 | D:1      | Reached XP level 2. HP: 5/24 MP: 2/2
   889 | D:1      | Reached XP level 3. HP: 29/29 MP: 3/3
  1111 | D:2      | Reached skill level 4 in Axes
  1345 | D:2      | Found a sparkling altar of Nemelex Xobeh.
  1370 | D:2      | Became a worshipper of Nemelex Xobeh the Trickster
  1370 | D:2      | Reached * piety under Nemelex Xobeh
  1370 | D:2      | Received a gift from Nemelex Xobeh
  1370 | D:2      | Received a gift from Nemelex Xobeh
  1370 | D:2      | Reached ** piety under Nemelex Xobeh
  1833 | D:2      | Received a gift from Nemelex Xobeh
  1867 | D:2      | Reached XP level 4. HP: 20/35 MP: 4/4
  2077 | D:2      | Found Wefoogat's Assorted Antiques.
  2111 | D:2      | Found Inuriz's Book Shoppe.
  3105 | D:3      | Received a gift from Nemelex Xobeh
  3348 | D:4      | Noticed Natasha
  3396 | D:4      | Killed Natasha
  3397 | D:4      | Reached skill level 5 in Axes
  3458 | D:4      | Noticed Edmund
  3528 | D:4      | Noticed Natasha
  3538 | D:4      | Gained mutation: You have sharp fingernails. [demonic
                  | ancestry]
  3538 | D:4      | Reached XP level 5. HP: 41/41 MP: 5/5
  3545 | D:4      | Noticed Natasha
  3545 | D:4      | Natasha changed into Natasha the polar bear
  3545 | D:4      | Noticed a neqoxec
  3545 | D:4      | a crimson imp changed into a neqoxec
  3547 | D:4      | Noticed Natasha
  3547 | D:4      | Natasha the polar bear changed into Natasha the harpy
  3547 | D:4      | Noticed an efreet
  3547 | D:4      | a neqoxec changed into an efreet
  3548 | D:4      | Slain by Natasha the harpy

Illustrated notes

Levels and vault maps discovered:
D:1:      nicolae_arrival_washed_ashore, layout_basic, minmay_nonomino_d4
D:2:      layout_rooms, basic_altar, serial_shops, shop_fountains, shop,
          wad_floor_pattern_2, chequers_mini_garden,
          hangedman_abyss_or_decor_lesser_grid
D:3:      layout_basic, serial_rivers, chequers_serial_rivers_marsh,
          chequers_serial_rivers_micro_c, chequers_serial_rivers_room_b,
          chequers_serial_rivers_small_a, chequers_serial_rivers_micro_d,
          kennysheep_decorative_pillar, serial_bayou_pond_d
D:4:      layout_loops_ring, nicolae_vehumet_radiance, minivault_19,
          dk_noncrumbling_2, uniq_edmund, uniq_natasha, uniq_sigmund

Skill      XL: |  1  2  3  4 |
---------------+-------------+-----
Axes           | 3 4 5 |  5.2
Fighting       | |  3.0
Dodging        | |  2.6
Stealth        | |  1.7

Action                   |  1- 3 |  4- 6 || total
-------------------------+-------+-------++-------
Melee: Hand axe          |   180 |    79 ||   259
Invok: Draw Destruction  |       |     3 ||     3
  Use: Potion            |       |     1 ||     1
 Stab: Sleeping          |     2 |     4 ||     6
       Distracted        |       |     1 ||     1
Armor: Robe              |    76 |    37 ||   113
Dodge: Dodged            |   145 |    62 ||   207

Table legend: (Time is in decaauts)
 A = Elapsed time spent in this place.
 B = Non-inter-level travel time spent in this place.
 C = Inter-level travel time spent in this place.
 D = Time resting spent in this place.
 E = Time spent auto-exploring this place.
 F = Levels seen in this place.
 G = Mean time per level.
                   A        B        C        D        E       F      G
               +--------+--------+--------+--------+--------+-----+--------+
         Total |   3596 |   3530 |     66 |    547 |   2375 |   4 |  899.0 |
       Dungeon |   3596 |   3530 |     66 |    547 |   2375 |   4 |  899.0 |
               +--------+--------+--------+--------+--------+-----+--------+

Top non-repeatable levels by time:
     D:1: 1283 daAuts
     D:3: 1144 daAuts
     D:2: 1010 daAuts
     D:4: 158 daAuts
